 Dungeon Crawl Stone Soup version 0.26.1-2-gb8aa6d0cf2 (webtiles) character file.

Game seed: 15887806316665166882

28 Allula97 the Sneak (level 2, -1/22 HPs)
             Began as a Demonspawn Brigand on Feb 20, 2021.
             Slain by a frilled lizard (3 damage)
             ... in a sewer.
             The game lasted 00:03:09 (1061 turns).

Allula97 the Sneak (Demonspawn Brigand)             Turns: 1061, Time: 00:03:09

Health: -1/22      AC:  3    Str: 11    XL:     2   Next: 96%
Magic:  2/2        EV: 12    Int: 12    God:
Gold:   130        SH:  0    Dex: 14    Spells: 1/1 levels left

rFire    . . .     SeeInvis .   a - +2 dagger
rCold    . . .     Faith    .   (no shield)
rNeg     . . .     Spirit   .   b - +0 robe
rPois    .         Reflect  .   (no helmet)
rElec    .         Harm     .   c - +0 cloak
rCorr    .         Rampage  .   (no gloves)
Will     .....                  (no boots)
Stlth    ++++......             m - amulet of inaccuracy (curse)
HPRegen  0.07/turn              h - ring of stealth
MPRegen  0.08/turn              (no ring)

@: mighty
A: demonic guardian 1
a: no special abilities


You were in a sewer.
You visited 1 branch of the dungeon, and saw 3 of its levels.
You also visited: Sewer.

You collected 130 gold pieces.

Inventory:

Hand Weapons
 a - a +2 dagger (weapon)
Missiles
 d - 8 poisoned darts (quivered)
 e - 2 curare-tipped darts
Armour
 b - a +0 robe (worn)
 c - a +0 cloak (worn)
 j - a +0 cloak
Jewellery
 h - a ring of stealth (left hand)
 m - a cursed amulet of inaccuracy (around neck)
Scrolls
 f - 2 scrolls of identify
 g - a scroll of enchant weapon
 i - a scroll of blinking
Potions
 k - a potion of degeneration {unknown}


   Skills:
 * Level 2.1 Fighting
 * Level 2.1 Short Blades
 + Level 1.7 Throwing
 * Level 0.1 Armour
 * Level 1.1 Dodging
 * Level 4.2 Stealth


You had one spell level left.
You didn't know any spells.
Your spell library was empty.

Dungeon Overview and Level Annotations

Branches:
Dungeon (2/15)              Sewer (1/1)

Altars:


Innate Abilities, Weirdness & Mutations

A weak demonic guardian rushes to your aid.


Message History

Your quasit bites the river rat but does no damage.
Your quasit barely misses the river rat.
Your quasit closely misses the river rat.
The river rat barely misses you. The river rat closely misses you.
Your quasit disappears in a puff of smoke!
The river rat barely misses you.
The river rat twitches its whiskers.
There is a glowing drain here.
The river rat bites you.
* * * LOW HITPOINT WARNING * * *
The river rat closely misses you.
The world spins around you as you enter the gateway.
You enter a sewer!
A frilled lizard comes into view.
Found a gate leading back out of this place.
There is an empty arch of ancient stone here.
The frilled lizard hisses angrily.
The frilled lizard bites you but does no damage.
You barely miss the frilled lizard. The frilled lizard bites you.
You die...

#≈≈#
#.≈#
#.≈#
#≈≈#
#≈≈#
#≈≈#
#≈≈#
#@l#
##.##
#.≈#
#∩.#
#..#
##..#
≈≈#
#∩#
##


You could see a frilled lizard.

Vanquished Creatures
  An adder (D:4)
  5 giant cockroaches (D:1)
  3 goblins (D:1)
  4 kobolds (D:1)
  A bat (D:1)
  A frilled lizard (D:1)
  A rat (D:1)
16 creatures vanquished.

Vanquished Creatures (collateral kills)
  2 giant cockroaches (D:4)
  A ball python (D:4)
3 creatures vanquished.

Grand Total: 19 creatures vanquished

Notes
Turn   | Place    | Note
-------+----------+-------------------------------------------
     0 | D:1      | Allula97 the Demonspawn Brigand began the quest for the
                  | Orb.
     0 | D:1      | Reached XP level 1. HP: 16/16 MP: 1/1
    71 | D:1      | Reached skill level 1 in Dodging
   205 | D:1      | Gained mutation: A weak demonic guardian rushes to your
                  | aid. [demonic ancestry]
   205 | D:1      | Reached XP level 2. HP: 22/22 MP: 2/2
   419 | D:1      | Reached skill level 4 in Stealth
  1014 | D:2      | You fall into a shaft and drop 2 floors!
  1016 | D:4      | Found a glowing drain.
  1056 | D:4      | HP: 1/22 [river rat (2)]
  1057 | Sewer    | Entered a sewer
  1061 | Sewer    | Slain by a frilled lizard

Illustrated notes

Levels and vault maps discovered:
D:1:      ncdulo_watergridlock, layout_rooms, serial_co_window_serial,
          co_window_corner_a, co_window_of_opportunity_a, co_window_paths_a,
          co_window_corner_a, co_window_paths_a, co_window_unsneaky_path_d,
          co_window_of_opportunity_b, co_window_corner_b, co_window_corner_b,
          co_window_cross_2, co_window_2corner, co_window_paths_d,
          glass_columns_b, glass_columns_a, glass_columns_a,
          minmay_worlds_worst_comb
D:2:      layout_loops_cross, lemuel_doored_altar, grunt_temple_overflow_diamond
D:4:      minmay_evil_eye, layout_loops_ring, lemuel_crystal_altar,
          marbit_many_paths, minmay_temple_entry_hall, portal_sewer_entry_a
Sewer:    sewer_frog_island_02

Skill      XL: |  1  2 |
---------------+-------+-----
Dodging        | 1 |  1.1
Short Blades   | 2 |  2.1
Stealth        | 4 |  4.2
Fighting       | |  2.1
Throwing       | |  1.7
Armour         | |  0.1

Action                   || total
-------------------------++-------
Melee: Dagger            ||    46
  Use: Scroll            ||     4
       Potion            ||     3
 Stab: Sleeping          ||     5
Armor: Robe              ||    16
Dodge: Dodged            ||    22
